[Event "44th Chess Olympiad Open 2022"]
[Site "Chennai"]
[Date "2022.08.01"]
[Round "4.67"]
[White "Fuad, Ahmed Mufleh"]
[Black "Peter Majur Manyang"]
[Result "0-1"]
[WhiteElo "2086"]
[BlackElo "2095"]
[Annotator "NA RC"]
[PlyCount "72"]
[EventDate "2022.??.??"]
[TimeControl "60"]

1. Nf3 f5 2. d4 Nf6 3. Nc3 d5 4. Bg5 e6 5. e3 Bd6 6. Bd3 O-O 7. O-O a6 8. Ne5 c5 9. f4 Nc6 10. Nxc6 bxc6 11. Qf3 cxd4 12. exd4 Qb6 13. Bxf6 Rxf6 14. Ne2 Qxb2 15. Rfb1 Qa3 16. Rb6 Bd7 17. h3 Bc7 18. Rb3 Qd6 19. g3 c5 20. c4 Bc6 21. Qe3 cxd4 22. Qxd4 Re8 23. c5 Qe7 24. Nc3 Rg6 25. Kf2 e5 26. Qe3 d4 27. Qe2 dxc3 28.
Bxa6 Qxc5+ 29. Kf1 Rxg3 30. Qc4+ Qxc4+ 31. Bxc4+ Kf8 32. Rc1 Rf3+ 33. Kg1 exf4 34. Rbxc3 Bb6+ 35. Kh2 Rf2+ 36. Kg1 Rc2+ 0-1

[Event "44th Chess Olympiad Open 2022"]
[Site "Chennai"]
[Date "2022.08.01"]
[Round "4.67"]
[White "Muhammed, Shuaau"]
[Black "Ajak Mach Duany"]
[Result "1-0"]
[WhiteElo "1987"]
[BlackElo "2029"]
[Annotator "NA RC"]
[PlyCount "102"]
[EventDate "2022.??.??"]
[TimeControl "60"]

1. e4 c6 2. d4 d5 3. e5 Bf5 4. h4 h5 5. Bd3 Bxd3 6. Qxd3 e6 7. Bg5 Qb6 8. Nd2 c5 9. c4 Qxb2 10. Rd1 Qxd4 11. Qb3 Qxe5+ 12. Ne2 Qc7 13. cxd5 exd5 14. Qxd5 Be7 15. Ne4 Nf6 16. Bxf6 gxf6 17. O-O Nd7 18. N2c3 Nb6 19. Qf5 Qe5 20. Qf3 Rd8 21. Rde1 Kf8 22. Ng3 Qb8 23. Nxh5 Nd7 24. Qg4 Rg8 25. Qf5 Ne5 26. Nxf6 Bxf6 27. Qxf6 Ng4 28. Qe7+ Kg7 29. Qg5+ Kf8 30. Qxc5+ Qd6 31. Qxd6+ Rxd6 32. f3 Nf6 33. Ne4 Nxe4 34. Rxe4 Rh8 35. Rf2 Rh5 36. Kh2 Ra6 37. Kh3 b5 38. g4 Rd5 39. g5 Rb6 40. Kg4 a5 41. h5 f5+ 42. gxf6 Rxf6 43. f4 b4 44. f5 Rb5 45. Kg5 Rbb6 46. Rfe2 Kg8 47. Re8+ Rf8 48. h6 Rb7 49. Rxf8+ Kxf8 50. Kg6 b3 51. h7 Rg7+ 1-0

[Event "44th Chess Olympiad Open 2022"]
[Site "Chennai"]
[Date "2022.08.01"]
[Round "4.67"]
[White "Madol Garang Panthoum"]
[Black "Mujahid Bin Yazeed"]
[Result "0-1"]
[WhiteElo "1985"]
[BlackElo "1418"]
[Annotator "NA RC"]
[PlyCount "127"]
[EventDate "2022.??.??"]
[TimeControl "60"]

1. e4 e5 2. Nf3 Nc6 3. Bc4 Bc5 4. O-O d6 5. c3 Qe7 6. d4 Bb6 7. a4 a6 8. Bg5 Nf6 9. d5 Nb8 10. Nbd2 h6 11. Bh4 Rg8 12. Bxf6 Qxf6 13. Be2 g5 14. Nc4 Ba7 15. Ne3 Nd7 16. Nd2 Qg6 17. Bh5 Qh7 18.
Ng4 Qg7 19. Qf3 Rf8 20. Nc4 Ke7 21. Nce3 Nf6 22. Nxf6 Qxf6 23. Qe2 Qf4 24. Qc4 Bxe3 25. g3 Bxf2+ 26. Rxf2 Qe3 27. Qxc7+ Bd7 28. Bg4 Rfd8 29. Bxd7 Rxd7 30. Qc4 Kd8 31. Qe2 Qxe2 32. Rxe2 Rc8 33. Rf1 Ke7 34. Ref2 Kf8 35. Re2 Rc4 36. Ra1 Rdc7 37. Kf2 a5 38. Ke3 Kg7 39. Kd3 f5 40. exf5 Kf6 41. Re4 Rxe4 42. Kxe4 Rc4+ 43. Kd3 Rg4 44. c4 h5 45. Re1 h4 46. Re3 Kxf5 47. Kc3 hxg3 48. hxg3 Re4 49. Rf3+ Kg6 50. Rd3 g4 51. c5 Rb4 52. c6 bxc6 53. dxc6 Rb8 54. Rxd6+ Kf5 55. Rd5 Rc8 56. Rc5 Ke6 57. b4 axb4+ 58. Kxb4 Kd6 59. a5 Rb8+ 60. Rb5 Rc8 61. a6 Rxc6 62. a7 Ra6 63. Ra5 Rxa7 64. Rxa7 0-1

[Event "44th Chess Olympiad Open 2022"]
[Site "Chennai"]
[Date "2022.08.01"]
[Round "4.68"]
[White "Jimma, Desalegn Fekadu"]
[Black "Moncur, Cecil"]
[Result "1-0"]
[WhiteElo "2112"]
[BlackElo "1815"]
[Annotator "NA RC"]
[PlyCount "121"]
[EventDate "2022.??.??"]
[TimeControl "60"]

1. d4 g6 2. c4 Bg7 3. Nc3 d6 4. e4 Nc6 5. Be3 e5 6. d5 Nce7 7. Bd3 f5 8. exf5 Nxf5 9. Bd2 Nd4 10. Nge2 Ne7 11. Nxd4 exd4 12. Ne4 O-O 13. O-O c5 14. Bg5 Qc7 15. Qd2 Nf5 16. Rae1 h6 17. Bf4 g5 18. Bg3 Bd7 19. Bc2 Rae8 20.
Qd3 Be5 21. f4 gxf4 22. Bxf4 Bc8 23. Bxe5 Rxe5 24. Ng3 Rxe1 25. Rxe1 Ne3 26. Bd1 Qf7 27. Bf3 Bg4 28. Re2 Bxf3 29. gxf3 Kg7 30. Rf2 Ng4 31. Rg2 Qxf3 32. Qxf3 Rxf3 33. Ne4 Rf4 34. Nxd6 Kf6 35. Nxb7 Ne3 36. Rf2 Rxf2 37. Kxf2 Nd1+ 38. Ke2 Nxb2 39. Nxc5 Nxc4 40. Kd3 Ne5+ 41. Ke4 h5 42. d6 d3 43. Nxd3 Nxd3 44. Kxd3 Ke6 45. Ke4 Kxd6 46. Kf5 Kd5 47. Kg5 Ke5 48. Kxh5 Kf5 49. h4 a6 50. Kh6 Kf6 51. a4 Kf5 52. a5 Kf6 53. h5 Kf7 54. Kg5 Kg7 55.
Kf5 Kh6 56. Ke6 Kxh5 57. Kd6 Kg6 58. Kc6 Kf7 59. Kb6 Ke8 60.
Kxa6 Kd8 61. Kb7 1-0

[Event "44th Chess Olympiad Open 2022"]
[Site "Chennai"]
[Date "2022.08.01"]
[Round "4.68"]
[White "Gole, Habtamu Ashenafi"]
[Black "Karelina, Polina"]
[Result "1-0"]
[WhiteElo "2044"]
[BlackElo "1835"]
[Annotator "NA RC"]
[PlyCount "55"]
[EventDate "2022.??.??"]
[TimeControl "60"]

1. e4 d6 2. d4 Nf6 3. Bd3 e5 4. dxe5 dxe5 5. Nf3 Nc6 6. h3 Bc5 7. O-O O-O 8. Bg5 h6 9. Bh4 Qd6 10. Nbd2 a6 11. Nc4 Qe6 12. Ne3 Nh5 13.
Nxe5 Bxe3 14. Nxc6 Nf4 15. Ne7+ Kh8 16. fxe3 Nxh3+ 17. gxh3 Qxh3 18. Qe1 Bd7 19. Qg3 Qxg3+ 20. Bxg3 Rae8 21. Nd5 c6 22. Nf4 g5 23. Nh5 Bh3 24. Rf6 Re6 25. Kh2 Bg4 26. Rxe6 fxe6 27. Be5+ Kh7 28. Nf6+ 1-0

[Event "44th Chess Olympiad Open 2022"]
[Site "Chennai"]
[Date "2022.08.01"]
[Round "4.68"]
[White "Knowles, Kendrick"]
[Black "Abera, Aydagnuhem Gezachew"]
[Result "0-1"]
[WhiteElo "1907"]
[BlackElo "2137"]
[Annotator "NA RC"]
[PlyCount "86"]
[EventDate "2022.??.??"]
[TimeControl "60"]

1. Nf3 d5 2. d4 Nf6 3. g3 Bf5 4. Bg2 c6 5. c4 e6 6. Nc3 Nbd7 7. b3 Bb4 8. Bd2 Ba3 9. cxd5 exd5 10. Nh4 Bg4 11. Qc2 O-O 12. O-O Re8 13. f3 Bh5 14. e4 dxe4 15. fxe4 Nf8 16. Qd3 Bc5 17. Nf5 Ne6 18. Na4 Bxd4+ 19. Nxd4 Nxd4 20. Kh1 Be2 21. Qe3 Ng4 22. Qf4 Bxf1 23. Rxf1 Ne5 24. Nc3 Qd7 25. Be3 Rad8 26. Rd1 c5 27. Nd5 Qg4 28. Qf1 Nec6 29. Rd2 Rxe4 30. Bh3 Qf3+ 31. Qxf3 Nxf3 32. Rd3 Rxd5 33. Rxd5 Rxe3 34. Kg2 Nfd4 35. Bg4 b6 36. Rd7 f5 37. Bd1 Rd3 38. b4 Rxd1 39. b5 Rd2+ 40. Kf1 Ne5 41. Rxa7 Nd3 42. a4 Rf2+ 43. Kg1 Nf3+ 0-1

[Event "44th Chess Olympiad Open 2022"]
[Site "Chennai"]
[Date "2022.08.01"]
[Round "4.68"]
[White "Lockhart, Kenville"]
[Black "Tsige, Addisalem Temesgen"]
[Result "0-1"]
[WhiteElo "1551"]
[BlackElo "2072"]
[Annotator "NA RC"]
[PlyCount "102"]
[EventDate "2022.??.??"]
[TimeControl "60"]

1. e4 c5 2. Nf3 g6 3. d4 cxd4 4. Nxd4 Nc6 5. Bc4 Nf6 6. Nc3 Bg7 7. Be3 O-O 8. Bb3 Re8 9. O-O d6 10. h3 Bd7 11. f4 Rc8 12. a3 Na5 13.
Qd3 e5 14. fxe5 dxe5 15. Ndb5 Nxb3 16. cxb3 Bxb5 17. Qxb5 b6 18. Rad1 Qc7 19. Rd3 Qb7 20. Qa4 a6 21. Nd5 b5 22. Qb4 Nxd5 23. Rxd5 Rc2 24. Rf2 Bf8 25. Qa5 Rxf2 26. Kxf2 f5 27. Kf3 fxe4+ 28. Kxe4 Qf7 29. g4 Qf1 30. Rd7 Qb1+ 31. Kf3 Qh1+ 32. Kg3 e4 33. Qd2 Qf3+ 34. Kh2 Bg7 35. Rxg7+ Kxg7 36. Bh6+ Kg8 37. Qd4 Qf7 38. Be3 Qe6 39. Qc3 Qe5+ 40. Kg2 Qxc3 41. bxc3 Rf8 42. h4 Rf3 43. Bd4 Kf7 44. Bh8 Ke6 45. Bd4 Kd5 46. b4 Kc4 47. h5 Kb3 48.
hxg6 hxg6 49. Be5 Kxa3 50. Bd4 Kb3 51. Be5 Rxc3 0-1

[Event "44th Chess Olympiad Open 2022"]
[Site "Chennai"]
[Date "2022.08.01"]
[Round "4.69"]
[White "Rodriguez Santiago, Jaime"]
[Black "Njau, Albert"]
[Result "1/2-1/2"]
[WhiteElo "2067"]
[BlackElo "1842"]
[Annotator "NA RC"]
[PlyCount "129"]
[EventDate "2022.??.??"]
[TimeControl "60"]

1. c4 e5 2. Nc3 Nf6 3. g3 Nc6 4. Bg2 Bb4 5. Nd5 Nxd5 6. cxd5 Ne7 7. Nf3 Bd6 8. e4 O-O 9. O-O c5 10. dxc6 dxc6 11. d4 exd4 12. Nxd4 Kh8 13. Be3 f5 14. Qb3 fxe4 15. Bxe4 Qb6 16. Qc2 Bc5 17. Rad1 Bg4 18. f3 Bh3 19. Rf2 Rad8 20. Rfd2 Nd5 21. Bf2 h5 22. a3 a5 23. Rc1 Bxd4 24. Bxd4 Qc7 25. Bf2 Qf7 26. Rcd1 Bf5 27. Bc5 Ra8 28. Bxf8 Ne3 29. Qc5 Nxd1 30. Bxf5 Qxf8 31. Qxf8+ Rxf8 32. Bg6 Ne3 33. Rd7 b5 34. Rc7 Nc4 35. Be4 Nxb2 36. Rxc6 Rb8 37. Rc5 Kg8 38. Rxh5 Rb6 39. Rf5 Na4 40. Bd3 Nc3 41. Rc5 b4 42. axb4 axb4 43. Bc4+ Kh7 44. Bb3 Ne2+ 45. Kf2 Nd4 46. Bc2+ g6 47. Ke3 Ne6 48. Re5 b3 49. Bb1 Kh6 50. Kd3 Ng5 51. f4 Nf3 52. Re2 Kh5 53.
h3 Ng1 54. Re5+ Kh6 55. h4 Nf3 56. Rd5 Nh2 57. Rd7 Ng4 58.
Ke2 b2 59. Kf3 Nf6 60. Rd3 Kh5 61. Ra3 Rc6 62. Rb3 Rc5 63. Rxb2 Rc3+ 64. Kg2 Kg4 65. Bxg6 1/2-1/2

[Event "44th Chess Olympiad Open 2022"]
[Site "Chennai"]
[Date "2022.08.01"]
[Round "4.69"]
[White "Pinales Roussel, Gabriel"]
[Black "Veer Gandhi"]
[Result "1-0"]
[WhiteElo "1973"]
[BlackElo "1545"]
[Annotator "NA RC"]
[PlyCount "51"]
[EventDate "2022.??.??"]
[TimeControl "60"]

1. Nf3 d5 2. c4 e6 3. b3 Nf6 4. Bb2 c6 5. g3 Bc5 6. e3 Nbd7 7. Bg2 Qc7 8. O-O O-O 9. Nc3 Rd8 10. Qe2 Bf8 11. d4 Be7 12. e4 dxe4 13. Nxe4 c5 14. Nc3 Nf8 15. Nb5 Qb6 16. dxc5 Bxc5 17. a4 a6 18. a5 Qc6 19. Ne5 Qe8 20. Nc7 Qe7 21. Nxa8 Bb4 22. Rfd1 Rxd1+ 23. Qxd1 Qc5 24. Nd3 Qa7 25. Nb6 Bxa5 26. Nxc8 1-0

[Event "44th Chess Olympiad Open 2022"]
[Site "Chennai"]
[Date "2022.08.01"]
[Round "4.69"]
[White "Mlawa, Hemed"]
[Black "Gerena Rivas, Eliam"]
[Result "0-1"]
[WhiteElo "1896"]
[BlackElo "2102"]
[Annotator "NA RC"]
[PlyCount "174"]
[EventDate "2022.??.??"]
[TimeControl "60"]

1. d4 Nf6 2. c4 g6 3. Nf3 Bg7 4. g3 O-O 5. Bg2 d6 6. O-O Nbd7 7. Nc3 e5 8. e4 c6 9. dxe5 dxe5 10. Qc2 Qc7 11. b3 Re8 12. Rd1 Bf8 13. Na4 b6 14. Bb2 a5 15. Rac1 Bh6 16. Rb1 Ba6 17. Ba3 Bf8 18. Bxf8 Kxf8 19. Rbc1 Rad8 20. Qe2 Kg7 21. Bh3 Bc8 22. Kg2 Nc5 23. Nxc5 Bxh3+ 24. Kxh3 bxc5 25. Qe3 Rd4 26. Nxd4 exd4 27. Qf4 Qxf4 28. gxf4 Nxe4 29. Re1 d3 30. f3 d2 31. fxe4 dxc1=Q 32. Rxc1 Rxe4 33. Kg3 Re2 34. Rd1 Rxa2 35. Rd6 Ra3 36. Rxc6 Rxb3+ 37. Kg4 h5+ 38. Kh4 Rf3 39. Rxc5 Rxf4+ 40. Kg3 Rd4 41. Rxa5 Rxc4 42. Ra7 g5 43. Rb7 Kg6 44. Rb6+ f6 45. Rb5 Rc3+ 46. Kg2 g4 47. Rd5 f5 48. Rb5 Rf3 49. h4 Kf6 50.
Rb6+ Ke5 51. Rb5+ Kd4 52. Ra5 Rh3 53. Rxf5 Rxh4 54. Ra5 Rh3 55. Ra4+ Ke5 56. Ra5+ Kf6 57. Rb5 Kg6 58. Ra5 Rf3 59. Rb5 Rf5 60. Rb8 h4 61. Rg8+ Kh5 62. Kh2 Rf2+ 63. Kg1 g3 64. Rg7 Rf5 65. Kg2 Rg5 66. Rh7+ Kg4 67. Rh8 Rg7 68. Rh6 Rd7 69. Rg6+ Kf4 70. Rf6+ Kg4 71. Rg6+ Kf5 72. Rg8 Rd2+ 73. Kg1 Kf4 74. Rg7 h3 75. Rf7+ Ke5 76. Re7+ Kf6 77. Re1 Kf5 78. Ra1 Kf4 79. Ra4+ Ke3 80. Ra3+ Rd3 81. Ra1 Ke2 82. Ra2+ Rd2 83. Rxd2+ Kxd2 84. Kf1 Ke3 85. Kg1 Kf3 86. Kh1 g2+
87. Kg1 h2+ 0-1

[Event "44th Chess Olympiad Open 2022"]
[Site "Chennai"]
[Date "2022.08.01"]
[Round "4.69"]
[White "Mdoe, Yusuf"]
[Black "Zilleruelo Irizarry, Diego"]
[Result "1/2-1/2"]
[WhiteElo "1722"]
[BlackElo "2081"]
[Annotator "NA RC"]
[PlyCount "127"]
[EventDate "2022.??.??"]
[TimeControl "60"]

1. d4 d5 2. c4 e6 3. Nf3 Nf6 4. Nc3 a6 5. e3 dxc4 6. Bxc4 b5 7. Bd3 c5 8. dxc5 Bxc5 9. a3 Qc7 10. Ne4 Be7 11. Bd2 Nbd7 12. Rc1 Qb6 13. Bc3 Bb7 14. Nxf6+ Nxf6 15. O-O O-O 16. Qe2 Ne4 17. Bd4 Qa5 18. Ne5 Rac8 19. Rxc8 Rxc8 20. Nxf7 Kxf7 21. Qf3+ Bf6 22. Bxe4 Bxe4 23.
Qxe4 Bxd4 24. exd4 g6 25. h4 Qb6 26. h5 Rd8 27. Rd1 Rd5 28.
g4 Qd8 29. Kg2 e5 30. Qf3+ Kg7 31. hxg6 hxg6 32. Rh1 exd4 33. Qh3 d3 34. f4 d2 35. Qh7+ Kf6 36. Qh4+ Ke6 37. f5+ gxf5 38. gxf5+ Kd7 39. Qxd8+ Kxd8 40. Rd1 Rxf5 41. Rxd2+ Kc7 42. b4 Rf6 43. Rd3 Kc6 44. Kg3 Rd6 45. Rc3+ Kd5 46. Rd3+ Ke5 47. Rc3 Kd4 48. Rc8 Ke3 49. Rc5 Rd3 50. a4 bxa4 51. Ra5 a3 52. Rxa6 Rb3 53. b5 Kd2+ 54. Kf4 Kc2 55. b6 Kb2 56. Ke5 Rd3 57. b7 Rb3 58. Ra7 Rb6 59. Kd5 a2 60.
Kc5 Rb3 61. Kc6 a1=Q 62. Rxa1 Kxa1 63. Kc7 Rxb7+ 64. Kxb7 1/2-1/2

[Event "44th Chess Olympiad Open 2022"]
[Site "Chennai"]
[Date "2022.08.01"]
[Round "4.70"]
[White "De Silva, L M S T.."]
[Black "Lwebuga, Ronald"]
[Result "1-0"]
[WhiteElo "2212"]
[BlackElo "1818"]
[Annotator "NA RC"]
[PlyCount "51"]
[EventDate "2022.??.??"]
[TimeControl "60"]

1. e4 c5 2. Nf3 d6 3. Bb5+ Bd7 4. Bxd7+ Nxd7 5. O-O Ngf6 6. Qe2 g6 7. c3 Bg7 8. d4 cxd4 9. cxd4 O-O 10. Nc3 Ne8 11. e5 dxe5 12. dxe5 Nc7 13. Rd1 Qc8 14. Bg5 Re8 15. Rac1 Nb8 16. b4 Qg4 17. Ne4 Ne6 18.
Rc4 Nf4 19. Bxf4 Nc6 20. h3 Qe6 21. Nfg5 Qf5 22. Ng3 Qc8 23.
b5 h6 24. Nf3 g5 25. Bc1 g4 26. hxg4 1-0

[Event "44th Chess Olympiad Open 2022"]
[Site "Chennai"]
[Date "2022.08.01"]
[Round "4.70"]
[White "Winston Gerald, Mansfield Thomas"]
[Black "Alahakoon, Isuru"]
[Result "1/2-1/2"]
[WhiteElo "1832"]
[BlackElo "2000"]
[Annotator "NA RC"]
[PlyCount "120"]
[EventDate "2022.??.??"]
[TimeControl "60"]

1. d4 d5 2. Nf3 Nf6 3. Bf4 e6 4. e3 c5 5. c3 Nc6 6. Nbd2 cxd4 7. exd4 Nh5 8. Be3 Bd6 9. Ne5 g6 10. Ndf3 O-O 11. Bh6 Ng7 12. h4 f6 13. Nxc6 bxc6 14. h5 g5 15. Qd2 Re8 16. Bxg7 Kxg7 17. g3 e5 18. dxe5 Bg4 19. Be2 Bxe5 20. Kf1 Qd7 21. h6+ Kg8 22. Kg2 Qf5 23. Nd4 Bxd4 24. Bxg4 Qxg4 25. Qxd4 Qxd4 26. cxd4 Re2 27. Rhc1 Rc8 28. b4 Re4 29. Rd1 Kf7 30. Rac1 Ke6 31. Rc2 Kd7 32. a3 Rce8 33. Rc5 Rb8 34. Ra5 Rb7 35. Rd2 f5 36. f3 Re6 37. a4 Rxh6 38.
b5 cxb5 39. axb5 Rhb6 40. Rda2 Rxb5 41. Rxb5 Rxb5 42. Rxa7+ Ke6 43. Rxh7 Rb2+ 44. Kh3 Rd2 45. Rh6+ Kf7 46. f4 gxf4 47. gxf4 Rxd4 48. Kh4 Rxf4+ 49. Kg5 Rf2 50. Rd6 Rd2 51. Kxf5 Ke7 52. Ra6 Re2 53. Kf4 Kd7 54. Kf3 Re1 55. Kf2 Re4 56. Kf3 Re5 57. Kf4 Re8 58. Kf3 Kc7 59. Kf4 Kb7 60. Rd6 Kc7 1/2-1/2

[Event "44th Chess Olympiad Open 2022"]
[Site "Chennai"]
[Date "2022.08.01"]
[Round "4.70"]
[White "Kiriella, K G T S D.."]
[Black "Kamara, Ansumana"]
[Result "1-0"]
[WhiteElo "1781"]
[BlackElo "1896"]
[Annotator "NA RC"]
[PlyCount "87"]
[EventDate "2022.??.??"]
[TimeControl "60"]

1. e4 c5 2. Nf3 d6 3. d4 cxd4 4. Nxd4 Nf6 5. Nc3 a6 6. Be3 e5 7. Nf3 h6 8. Bc4 Qc7 9. Bb3 Be7 10. a4 Nbd7 11. a5 O-O 12. Nd5 Nxd5 13.
Bxd5 Nf6 14. Bb6 Qd7 15. Nd2 Nxd5 16. exd5 Qb5 17. c4 Qxb2 18. Rb1 Qa3 19. O-O Bf5 20. Rb3 Qa4 21. f4 exf4 22. Rxf4 Bg6 23. h4 Rac8 24. Kh2 Bf6 25. Rxf6 gxf6 26. h5 Bf5 27. Rg3+ Kh7 28. Qxa4 Rfe8 29. Bd4 Re2 30. Qd1 Rce8 31. Bxf6 Rf2 32. Rg7+ Kh8 33. Rg5+ Kh7 34. Rxf5 Rfe2 35. Bd4 Kg8 36. Rf2 Rxf2 37. Bxf2 Re5 38. Bh4 Kf8 39. Qg4 f5 40. Qg6 f4 41. Qxd6+ Kf7 42. Qxe5 b5 43. Qe7+ Kg8 44. Bf6 1-0

[Event "44th Chess Olympiad Open 2022"]
[Site "Chennai"]
[Date "2022.08.01"]
[Round "4.70"]
[White "Adeshole Beckley, Brian"]
[Black "Nabil Nazar, Mohamed"]
[Result "0-1"]
[WhiteElo "1590"]
[BlackElo "1845"]
[Annotator "NA RC"]
[PlyCount "62"]
[EventDate "2022.??.??"]
[TimeControl "60"]

1. d4 d5 2. c4 e6 3. Nc3 a6 4. Nf3 Nf6 5. cxd5 exd5 6. Bg5 c6 7. e3 Bf5 8. Bd3 Bxd3 9. Qxd3 Be7 10. O-O O-O 11. Rfe1 Ne4 12. Bxe7 Qxe7 13. Rab1 Nd7 14. b4 b5 15. a4 Nb6 16. Ne5 Rfc8 17. a5 Nc4 18. Nxe4 dxe4 19. Qc3 Nxe5 20. dxe5 c5 21. Rbc1 c4 22. f4 Rd8 23. Rcd1 Rd3 24. Rxd3 exd3 25. g3 Rd8 26. Rd1 f6 27. Rd2 fxe5 28.
fxe5 Qa7 29. Kg2 Qxe3 30. Rf2 Qxf2+ 31. Kxf2 d2 0-1

[Event "44th Chess Olympiad Open 2022"]
[Site "Chennai"]
[Date "2022.08.01"]
[Round "4.71"]
[White "Kovacova, Zuzana"]
[Black "Oatlhotse, Providence"]
[Result "0-1"]
[WhiteElo "2050"]
[BlackElo "2204"]
[Annotator "NA RC"]
[PlyCount "76"]
[EventDate "2022.??.??"]
[TimeControl "60"]

1. e4 g6 2. Nc3 Bg7 3. g3 c5 4. Bg2 Nc6 5. d3 d6 6. Be3 Nf6 7. h3 O-O 8. Qd2 Nd4 9. Nd1 e5 10. c3 Nc6 11. Ne2 b5 12. O-O a5 13. d4 Qe7 14. d5 Nb8 15. a4 bxa4 16. Rxa4 Nbd7 17. Bh6 Nb6 18. Bxg7 Kxg7 19. Ra1 Ba6 20. Re1 a4 21. Qc2 Bc4 22. Ne3 Bb3 23. Qb1 Rfb8 24. Nc1 Qc7 25. Bf1 c4 26. Na2 a3 27. bxa3 Rxa3 28. Nb4 Rxa1 29. Qxa1 Ra8 30. Qb1 Na4 31. Rc1 Nc5 32. Bg2 Qa5 33. Re1 Qa3 34. Nec2 Bxc2 35. Qxc2 Qb3 36. Qd2 Ra3 37. Re3 Ra1+ 38. Re1 Ncxe4 0-1

[Event "44th Chess Olympiad Open 2022"]
[Site "Chennai"]
[Date "2022.08.01"]
[Round "4.71"]
[White "Rongwane, Gomolemo"]
[Black "Faulks, Nick"]
[Result "1-0"]
[WhiteElo "2033"]
[BlackElo "1820"]
[Annotator "NA RC"]
[PlyCount "65"]
[EventDate "2022.??.??"]
[TimeControl "60"]

1. d4 Nf6 2. Nf3 c5 3. e3 g6 4. Bd3 Bg7 5. O-O O-O 6. c3 b6 7. Qe2 Bb7 8. e4 d6 9. Rd1 cxd4 10. cxd4 Nc6 11. Nc3 Nd7 12. Be3 e6 13. a3 Qe7 14. Rac1 a6 15. b4 b5 16. Bb1 Rac8 17. Bg5 Bf6 18.
Bh6 Bg7 19. Qe3 Rfd8 20. Ba2 Nf8 21. Bxg7 Kxg7 22. h4 Qf6 23. Ne2 Ne7 24. Ng3 Ng8 25. Ng5 Nh6 26. e5 Qe7 27. Qf4 Bd5 28.
Rxc8 Rxc8 29. Bxd5 exd5 30. exd6 Qd7 31. Re1 Rc6 32. Nxf7 Ne6 33. Qxh6+ 1-0

[Event "44th Chess Olympiad Open 2022"]
[Site "Chennai"]
[Date "2022.08.01"]
[Round "4.71"]
[White "Sabure, Bojosi"]
[Black "Walrond, Niccolo"]
[Result "1-0"]
[WhiteElo "1966"]
[BlackElo "1210"]
[Annotator "NA RC"]
[PlyCount "31"]
[EventDate "2022.??.??"]
[TimeControl "60"]

1. e4 Nf6 2. e5 Nd5 3. Bc4 Nb6 4. Bb3 d6 5. Nf3 Bg4 6.
Bxf7+ Kxf7 7. Ng5+ Ke8 8. Qxg4 dxe5 9. Nxh7 Nc6 10. Nc3 Qd7 11. Qg6+ Kd8 12. O-O e6 13. Ng5 Ke7 14. d3 Re8 15. Nf7 Rg8 16.
Bg5# 1-0

[Event "44th Chess Olympiad Open 2022"]
[Site "Chennai"]
[Date "2022.08.01"]
[Round "4.71"]
[White "Gontcharov, Serguei"]
[Black "Oratile, Kgotlane"]
[Result "1/2-1/2"]
[WhiteElo "1864"]
[BlackElo "2024"]
[Annotator "NA RC"]
[PlyCount "66"]
[EventDate "2022.??.??"]
[TimeControl "60"]

1. e4 c5 2. Nf3 g6 3. d4 cxd4 4. Nxd4 Bg7 5. Be3 Nc6 6. c4 Nf6 7. Nc3 O-O 8. Be2 d6 9. O-O Bd7 10. Nb3 b6 11. f3 Rc8 12. Rc1 Be6 13.
Nd2 Nd7 14. a3 Nd4 15. b3 Nc5 16. b4 Nxe2+ 17. Qxe2 Nb3 18. Nxb3 Bxc4 19. Qb2 Bxf1 20. Kxf1 Qc7 21. Bd2 Qc4+ 22. Kg1 Rc7 23. Qb1 Rfc8 24. h3 Qe6 25. Nd5 Rxc1+ 26. Bxc1 Qd7 27. Bg5 f6 28. Be3 e6 29. Nf4 Kf7 30. Qd3 f5 31. exf5 gxf5 32. Bd2 d5 33. g4 d4 1/2-1/2

[Event "44th Chess Olympiad Open 2022"]
[Site "Chennai"]
[Date "2022.08.01"]
[Round "4.72"]
[White "Ebosse Kingue Victor Patrick"]
[Black "Chinchilla, Alejandro Jose"]
[Result "1-0"]
[WhiteElo "2054"]
[BlackElo "2166"]
[Annotator "NA RC"]
[PlyCount "95"]
[EventDate "2022.??.??"]
[TimeControl "60"]

1. e4 e5 2. Nf3 Nc6 3. Bc4 Bc5 4. c3 Nf6 5. d3 d6 6. a4 a6 7. O-O Ba7 8. Qe2 h6 9. Be3 Bxe3 10. fxe3 O-O 11. Nbd2 d5 12. exd5 Nxd5 13. a5 Be6 14. Bb3 b6 15. axb6 cxb6 16. d4 exd4 17. Nxd4 Nxd4 18. exd4 Re8 19. Qf3 Qg5 20. Rf2 Ra7 21. Re1 Nf6 22. Bxe6 Rxe6 23. Rxe6 fxe6 24. h3 Qd5 25. Qg3 Kh7 26. Qd3+ Kh8 27. c4 Qc6 28. Nf3 Rc7 29. Ne5 Qe4 30. Rxf6 Qxd3 31. Rf8+ Kh7 32. Nxd3 Rxc4 33. Rd8 Rc2 34. d5 exd5 35. Rxd5 Rd2 36. Nb4 Rxb2 37. Nxa6 b5 38. Rd4 Ra2 39. Nc7 Rb2 40. Nd5 Rc2 41. Rb4 Rc5 42. Nf4 Rc4 43. Rxc4 bxc4 44. Kf2 g5 45. Nd5 h5 46. Kf3 Kg6 47. Ke4 g4 48. hxg4 1-0

[Event "44th Chess Olympiad Open 2022"]
[Site "Chennai"]
[Date "2022.08.01"]
[Round "4.72"]
[White "Garcia Cuestas, Kevin"]
[Black "Amba Oyon Marius Claude"]
[Result "1-0"]
[WhiteElo "1984"]
[BlackElo "1938"]
[Annotator "NA RC"]
[PlyCount "137"]
[EventDate "2022.??.??"]
[TimeControl "60"]

1. Nf3 c5 2. b3 e6 3. Bb2 Nf6 4. c4 Be7 5. g3 Nc6 6. Bg2 d5 7. cxd5 exd5 8.
d4 c4 9. O-O cxb3 10. Qxb3 Na5 11. Qd3 Nc4 12. Bc1 O-O 13. Nc3 h6 14. Ne5 Be6 15. Rb1 Nd6 16. Rb3 Rc8 17. f3 b6 18. Nb5 Bf5 19. Qe3 Nxb5 20.
Rxb5 Bc2 21. Bh3 Rc7 22. Ba3 Bxa3 23. Qxa3 Bh7 24. Rc1 a6 25. Rb3 Rxc1+ 26. Qxc1 b5 27. Rc3 Qb8 28. Rc7 Bg6 29. Qc5 Re8 30. Qa7 Qxa7 31. Rxa7 Rb8 32. Nxg6 fxg6 33. Rxa6 b4 34. Rc6 Kf8 35. Rc2 Rb7 36. Kf2 Ke7 37. Rb2 Ne8 38. Rb3 Nd6 39. Ke3 g5 40. Kd3 Nc4 41. e4 Na5 42. Rb1 Kd6 43. Bf5 b3 44. axb3 Rxb3+ 45. Rxb3 Nxb3 46. Kc3 Na5 47. exd5 Nb7 48. Kc4 Na5+ 49. Kb4 Nb7 50. Be6 Nd8 51. Kc4 Nb7 52. Kb5 Kc7 53. Kc4 Kd6 54. Kd3 Ke7 55. Ke4 Nd6+ 56. Ke5 Nc4+ 57. Kf5 Nd6+ 58. Kg6 Kf8 59. f4 gxf4 60. gxf4 Ne8 61. f5 Ke7 62. h4 Kf8 63. Bd7 Nf6 64. Bc6 Ne4 65.
h5 Kg8 66. Bd7 Kf8 67. Be6 Ke7 68. Kxg7 Nd6 69. f6+ 1-0

[Event "44th Chess Olympiad Open 2022"]
[Site "Chennai"]
[Date "2022.08.01"]
[Round "4.72"]
[White "Zebaze Dongmo Loic Dylane"]
[Black "Gavarrete, Joel"]
[Result "0-1"]
[WhiteElo "1837"]
[BlackElo "2035"]
[Annotator "NA RC"]
[PlyCount "124"]
[EventDate "2022.??.??"]
[TimeControl "60"]

1. d4 d5 2. Bf4 Nf6 3. e3 c5 4. c3 Qb6 5. Qb3 c4 6. Qc2 Nc6 7. Nd2 Nh5 8. Bg5 h6 9. Bh4 g5 10. Be2 Ng7 11. Bg3 Bf5 12. e4 Bg6 13.
Qc1 e6 14. Ngf3 Nh5 15. exd5 exd5 16. O-O Nxg3 17. hxg3 Bg7 18. Bd1 O-O 19. Bc2 f5 20. b3 Qa5 21. bxc4 Qxc3 22. Bxf5 Qxc1 23. Be6+ Bf7 24. Bxf7+ Rxf7 25. Raxc1 Nxd4 26.
Nxd4 Bxd4 27. Nf3 Bb6 28. cxd5 Rd7 29. Rcd1 Rad8 30. Rfe1 Rxd5 31. Rxd5 Rxd5 32. Re7 Rd1+ 33. Re1 Rxe1+ 34.
Nxe1 Kf7 35. Kf1 Ke6 36. Ke2 Kd5 37. Nd3 Bc7 38. g4 b5 39. f3 a5 40. Kd2 Kd4 41. Kc2 Ke3 42. Nc5 Kf2 43. Ne6 Be5 44. Kd3 a4 45. Ke4 Bf4 46. a3 Be3 47. Nc7 b4 48. Nd5 Bd2 49. Kd3 bxa3 50. Kc2 a2 51.
Kb2 Kxg2 52. Ne7 Kxf3 53. Nf5 Kxg4 54. Nxh6+ Kf4 55. Kxa2 Bb4 56. Ng8 Kf3 57. Nf6 g4 58. Nd5 Bd2 59. Ne7 g3 60. Nf5 Bb4 61. Nd4+ Kf2 62. Nc6 Bc3 0-1

[Event "44th Chess Olympiad Open 2022"]
[Site "Chennai"]
[Date "2022.08.01"]
[Round "4.73"]
[White "Willem Blijstra"]
[Black "Dabuae, Thubalkain"]
[Result "1-0"]
[WhiteElo "2198"]
[BlackElo "1941"]
[Annotator "NA RC"]
[PlyCount "87"]
[EventDate "2022.??.??"]
[TimeControl "60"]

1. d4 Nf6 2. c4 e6 3. Nc3 Bb4 4. Qc2 O-O 5. a3 Bxc3+ 6. Qxc3 Ne4 7. Qc2 d5 8. Nf3 b6 9. Bf4 c5 10. e3 Bb7 11. Bd3 Nd7 12. O-O f6 13. h3 Qe7 14. cxd5 exd5 15. dxc5 Ndxc5 16. Be2 Rac8 17. Qd1 Ne6 18. Bh2 Rc5 19. Rc1 Rfc8 20. Rxc5 Qxc5 21. Bd3 g6 22. Re1 f5 23. Be5 f4 24. b4 Qf8 25. Qb3 Qf7 26. exf4 h6 27.
g3 g5 28. Ba1 gxf4 29. g4 h5 30. Ne5 Qg7 31. f3 N4g5 32. Kg2 hxg4 33. hxg4 Rc4 34. Ng6 Rd4 35. Ne7+ Qxe7 36. Bxd4 Nxd4 37. Rxe7 Nxb3 38. Rxb7 a5 39. Rxb6 axb4 40. Rxb4 Nc5 41. Bf5 Nge6 42. Bxe6+ Nxe6 43. a4 Kf7 44. a5 1-0